Map: King Sejong Station LE

Players

Glorfindel - Winner!

  • Race: Terran Terran
  • League: Master

TIM

  • Race: Zerg Zerg
  • League: Master

VOD

Have the link to the VOD?

Description

Time

  • Played on: May 25, 2016, 12:34 a.m.
  • Length: 7:25
Show
View Real Time Build Order
Export as new Build Order

Glorfindel Terran - Winner!

Build Orders: 1/1/1 

Get SALT Encoding   

  12  0:00  SCV  
  13  0:13  SCV  
  14  0:17  Supply Depot  
  14  0:25  Refinery  
  14  0:28  SCV  
  15  0:40  SCV  
  16  0:45  Barracks  
  16  0:52  SCV  
  17  1:04  SCV  
  18  1:14  Refinery  
  18  1:17  SCV  
  19  1:34  Factory, Orbital Command  
  19  1:43  Barracks Reactor, Supply Depot  
  19  1:59  SCV  
  20  2:11  SCV  
  21  2:19  Starport  
  21  2:20  Marine x2  
  23  2:23  SCV  
  23  2:25  Supply Depot  
  23  2:26  Factory Tech Lab  
  24  2:36  SCV  
  25  2:39  Marine x2  
  27  2:48  Siege Tank  
  27  2:50  SCV  
  31  2:55  Medivac  
  33  2:59  Supply Depot  
  33  3:10  Marine  
  33  3:11  Marine  
  35  3:13  SCV  
  36  3:25  Medivac  
  38  3:29  Marine x2  
  38  3:33  Siege Tank  
  43  3:36  Supply Depot  
  43  3:47  Marine x2  
  45  3:56  Bunker  
  45  4:05  Marine  
  45  4:09  Marine  
  47  4:20  SCV  
  47  4:22  Marine  
  49  4:27  Marine  
  50  4:31  Medivac  
  50  4:32  SCV  
  50  4:37  Command Center  
  53  4:40  Marine  
  53  4:55  SCV  
  53  5:02  Marine  
  53  5:07  Marine, SCV  
  55  5:20  Marine, SCV  
  55  5:24  Marine, Medivac, Siege Tank  
  61  5:32  SCV  
  62  5:38  Marine  
  62  5:42  Marine  
  62  5:54  Medivac  
  62  5:56  Marine, Siege Tank  
  68  6:01  Orbital Command  
  68  6:18  Marine  
  69  6:21  Marine  
  69  6:24  SCV  
  71  6:28  Siege Tank  
  71  6:31  Medivac  
  76  6:35  Marine  
  76  6:39  Marine  
  75  6:53  Marine  
  71  6:57  Marine  
  75  7:20  Engineering Bay, Barracks  
  75  7:21  Barracks  
  75  7:23  Barracks  
Show
View Real Time Build Order
Export as new Build Order

TIM Zerg 

Build Orders: Pool First 

Get SALT Encoding   

  12  0:01  Drone  
  13  0:08  Drone  
  14  0:16  Overlord  
  14  0:35  Drone x2  
  16  0:36  Drone  
  17  0:48  Spawning Pool  
  17  0:49  Drone  
  17  1:10  Hatchery  
  16  1:15  Extractor  
  15  1:34  Zergling x4  
  15  1:35  Zergling x2, Queen  
  20  1:47  Overlord  
  20  1:57  Drone  
  21  2:10  Drone  
  22  2:18  Metabolic Boost  
  22  2:23  Queen, Drone x2  
  22  2:29  Drone  
  27  2:34  Drone  
  28  2:47  Drone x2  
  28  2:48  Drone x3  
  32  2:56  Overlord x2  
  32  3:04  Queen  
  34  3:11  Drone x2  
  35  3:20  Drone x2  
  37  3:30  Drone x2  
  37  3:32  Lair  
  39  3:35  Extractor, Drone x3  
  41  3:43  Drone x2  
  43  3:52  Zergling x2  
  43  3:53  Zergling x2  
  45  4:04  Zergling x8  
  45  4:07  Extractor  
  48  4:12  Zergling x4  
  48  4:13  Zergling x2  
  51  4:18  Overlord x2  
  51  4:27  Hatchery  
  49  4:38  Drone  
  49  4:42  Drone  
  41  4:54  Zergling x10  
  41  4:55  Queen  
  41  4:56  Queen  
  41  4:59  Spire  
  46  5:02  Zergling x4  
  41  5:19  Extractor  
  34  5:21  Extractor  
  34  5:27  Zergling x2  
  34  5:28  Zergling x6  
  35  5:32  Overseer  
  33  5:48  Drone  
  29  6:11  Hatchery, Mutalisk x5  
  28  6:17  Mutalisk  
  37  6:26  Mutalisk  
  35  6:41  Mutalisk  
  35  6:42  Mutalisk  
  32  6:52  Extractor  
  24  6:56  Extractor  
Tags
 
Add a new tag
Caveats
  • Supply blocks, unpowered buildings, or Contaminate may cause inaccurate times.
  • Supply counts are checked every 10 seconds.